 Dungeon Crawl Stone Soup version 0.19-a0-652-g5c94007 (webtiles) character file.

10609 AlphabetPasta the Quickloader (level 11, 0/84 HPs)
             Began as a Demonspawn Hunter on June 14, 2016.
             Was an Elder of Okawaru.
             Slain by a hill giant
             ... wielding a +0 giant club
              (29 damage)
             ... on level 10 of the Dungeon on June 15, 2016.
             The game lasted 01:09:00 (11109 turns).

AlphabetPasta the Quickloader (Demonspawn Hunter)  Turns: 11109, Time: 01:09:02

Health: 0/84       AC: 18    Str: 19    XL:     11   Next: 38%
Magic:  14/14      EV: 15    Int: 19    God:    Okawaru [****..]
Gold:   435        SH:  0    Dex: 18    Spells: 0 memorised, 10 levels left

rFire  + . .     SeeInvis .     a - +2 hand axe (freeze)
rCold  . . .     Gourm    .     z - +0 chain mail
rNeg   + . .     Faith    .     (no shield)
rPois  .         Spirit   .     F - +0 helmet {Int+3}
rElec  .         Dismiss  .     y - +1 cloak
rCorr  .         Reflect  .     (no gloves)
SustAt +         Harm     .     u - +0 pair of boots
MR     +....                    M - amulet of regeneration
Stlth  ..........               p - ring "Yhaig" {rF+ rN+ MR+ Str+4 Int+2}
                                g - ring of sustain attributes

@: agile, somewhat resistant to hostile enchantments, extremely unstealthy
A: hooves 1, molten scales 2, demonic guardian 1, powered by pain 2
a: Heroism, Renounce Religion


You were on level 10 of the Dungeon.
You worshipped Okawaru.
Okawaru was greatly pleased with you.
You were not hungry.

You visited 2 branches of the dungeon, and saw 11 of its levels.

You collected 484 gold pieces.
You spent 49 gold pieces at shops.

Inventory:

Hand Weapons
 a - a +2 hand axe of freezing (weapon)
 b - a +2 hand crossbow
 c - a +2 battleaxe
Missiles
 d - 72 bolts
Armour
 u - a +0 pair of boots (worn)
 y - a +1 cloak (worn)
 z - a +0 chain mail (worn)
 F - a +0 helmet of intelligence (worn)
 L - a +0 plate armour
Jewellery
 g - a ring of sustain attributes (left hand)
 p - the ring "Yhaig" (right hand) {rF+ rN+ MR+ Str+4 Int+2}
   (You found it on level 8 of the Dungeon)

   [ring of protection from magic]

   It affects your strength (+4).
   It affects your intelligence (+2).
   It protects you from fire.
   It protects you from negative energy.
   It affects your resistance to hostile enchantments.
 v - an uncursed amulet of dismissal
 B - an uncursed amulet of rage
 M - an amulet of regeneration (around neck)
 N - an uncursed amulet of the gourmand
 U - an uncursed ring of ice
Wands
 e - a wand of polymorph (11/24)
 h - a wand of confusion (25/48)
 i - a wand of slowing (23/48)
 j - a wand of iceblast (5/15)
 q - a wand of polymorph (1/24)
 s - a wand of slowing (43/48)
 D - a wand of lightning (4/15)
 I - a wand of slowing (21/48)
 O - a wand of disintegration (3/24)
 Q - a wand of iceblast (12/15)
 S - a wand of flame (13/48)
 V - a wand of paralysis (6/24)
 W - a wand of flame (19/48)
Scrolls
 l - 4 scrolls of remove curse
 o - a scroll of enchant weapon
 A - a scroll of magic mapping
 C - 3 scrolls of teleportation
 E - 3 scrolls of identify
 G - 2 scrolls of blinking
 H - 2 scrolls of recharging
 J - a scroll of fear
Potions
 m - a potion of heal wounds
 n - a potion of flight
 r - a potion of ambrosia
 t - 2 potions of cure mutation
 P - a potion of brilliance
 R - 2 potions of curing
Comestibles
 f - 6 bread rations
 k - 8 meat rations
 w - 31 fruits
 x - 3 beef jerkies
 K - 11 chunks of flesh


   Skills:
 + Level 7.0 Fighting
 * Level 8.2 Axes
 * Level 9.7 Crossbows
 + Level 6.0 Armour
 + Level 6.4 Dodging
 - Level 0.8 Stealth
 + Level 5.1 Invocations


You had 10 spell levels left.
You didn't know any spells.

Dungeon Overview and Level Annotations

Branches:
Dungeon (10/15)            Temple (1/1) D:6            Lair (0/6) D:9
    Orc (0/2) D:10

Altars:
Ashenzari
Cheibriados
Dithmenos
Elyvilon
Fedhas
Gozag
Hepliaklqana
Kikubaaqudgha
Makhleb
Nemelex Xobeh
Okawaru
Pakellas
Qazlal
Ru
Sif Muna
Trog
Uskayaw
Vehumet
Xom
Yredelemnul
Zin
The Shining One

Shops:
D:5 *?   D:7 :


Innate Abilities, Weirdness & Mutations

You have large cloven feet.
You are mostly covered in molten scales. (AC +3, EV -1)
A weak demonic guardian rushes to your aid.
You sometimes gain power by taking damage.


Message History

You freeze the giant frog.
The giant frog is heavily wounded.
Your quasit disappears in a puff of smoke!
Your white imp disappears in a puff of smoke!
The hill giant hits you with a giant club!!
The giant frog hits you but does no damage.
You slash the hill giant! You freeze the hill giant.
The hill giant is almost dead.
You hit the giant frog. You freeze the giant frog.
The giant frog is severely wounded.
The giant frog closely misses you.
The hill giant hits you but does no damage.
Unknown command.
You hit the hill giant but do no damage.
The hill giant is almost dead.
You closely miss the giant frog.
The giant frog is severely wounded.
The giant frog misses you.
The hill giant hits you with a giant club!!
You die...

...............
...............
...............
#+.............
#..####).# #....))##
#######.##### #####..
##...........####.......
##...........##5@F......
##)..).......##.#C......
).).<...........#.......
##)..........####.......
#........<..# .......
#.....!.....# .......
############# #######


You could see a hill giant, a giant frog and a friendly iron imp.

Vanquished Creatures
  Erica (D:8)
  A hill giant (D:10)
  An unseen horror (D:10)
  Psyche (D:10)
  Grinder (D:6)
  A human (D:7)
  Sigmund (D:4)
  13 yaks (D:9)
  A hungry ghost (D:7)
  A hippogriff (D:10)
  A warg (D:10)
  A water moccasin (D:6)
  5 porcupines (D:9)
  4 orc warriors
  A black bear (D:8)
  4 sky beasts
  A necrophage (D:6)
  An eye of draining (D:10)
  3 ice beasts
  3 phantoms
  3 ogres
  5 centaurs
  The ghost of Sixotanaka the Slasher, an amateur HESk (D:4)
  5 crocodiles (D:9)
  A big kobold (D:9)
  3 giant frogs
  A wyvern zombie (D:5)
  Dowan (D:6)
  A scorpion (D:6)
  A wyvern skeleton (D:10)
  6 wights
  3 howler monkeys
  5 crimson imps
  A centaur zombie (D:10)
  4 hounds
  2 jellies
  A gnoll shaman (D:4)
  An orc priest (D:6)
  2 giant frog skeletons
  A giant frog zombie (D:8)
  Jessica (D:2)
  Natasha (twice) (D:2)
  Terence (D:3)
  5 orc wizards
  An iguana (D:8)
  6 worker ants
  2 hound skeletons
  13 gnolls
  9 adders
  A river rat (D:9)
  A shadow imp (D:9)
  An ooze (D:2)
  An adder skeleton (D:9)
  5 worms
  3 dart slugs
  6 giant geckos
  29 orcs
  11 bats
  11 giant cockroaches
  9 hobgoblins
  6 jackals
  5 kobolds
  A quokka (D:6)
  A ball python (D:3)
  7 giant newts
  6 goblins
  2 quokka skeletons
  A quokka zombie (D:5)
  9 rats
  A plant (D:8)
251 creatures vanquished.

Vanquished Creatures (collateral kills)
  Prince Ribbit (D:6)
  A human (D:7)
  A hippogriff (D:9)
  Duvessa (D:6)
  An ogre (D:4)
  A black bear (D:7)
  A sky beast (D:5)
  Natasha (D:2)
  An adder (D:3)
9 creatures vanquished.

Vanquished Creatures (others)
  A hydra (D:8)
  2 plants (D:9)
  5 toadstools (D:1)
8 creatures vanquished.

Grand Total: 268 creatures vanquished

Notes
Turn   | Place    | Note
--------------------------------------------------------------
     0 | D:1      | AlphabetPasta the Demonspawn Hunter began the quest for the Orb.
     0 | D:1      | Reached XP level 1. HP: 16/16 MP: 1/1
   162 | D:1      | Gained mutation: You sometimes gain a little power by taking damage. [demonic ancestry]
   162 | D:1      | Reached XP level 2. HP: 22/22 MP: 2/2
   491 | D:1      | Reached skill level 1 in Armour
   709 | D:1      | Reached skill level 4 in Crossbows
   709 | D:1      | Gained mutation: A weak demonic guardian rushes to your aid. [demonic ancestry]
   709 | D:1      | Reached XP level 3. HP: 28/28 MP: 3/3
   864 | D:2      | Noticed Natasha
   876 | D:2      | Killed Natasha
   995 | D:2      | Gained mutation: You sometimes gain power by taking damage. [demonic ancestry]
   995 | D:2      | Reached XP level 4. HP: 25/34 MP: 4/4
  1176 | D:2      | Noticed Natasha
  1178 | D:2      | Killed Natasha
  1442 | D:2      | Noticed Jessica
  1446 | D:2      | Killed Jessica
  1446 | D:2      | Reached XP level 5. HP: 41/41 MP: 5/5
  1512 | D:2      | Noticed Natasha
  1517 | D:2      | Killed Natasha
  1517 | D:2      | Reached skill level 1 in Axes
  2351 | D:3      | Gained mutation: You are partially covered in molten scales. (AC +1) [demonic ancestry]
  2351 | D:3      | Reached XP level 6. HP: 23/47 MP: 6/6
  2388 | D:3      | HP: 2/47 [gnoll/halberd (13)]
  2930 | D:3      | Reached skill level 5 in Crossbows
  3327 | D:3      | Noticed Terence
  3336 | D:3      | Killed Terence
  3665 | D:4      | Noticed Sixotanaka's ghost (amateur HESk)
  3675 | D:4      | Killed Sixotanaka's ghost
  3675 | D:4      | Reached XP level 7. HP: 34/52 MP: 7/7
  3782 | D:4      | Found a shadowy altar of Dithmenos.
  3782 | D:4      | Noticed Sigmund
  3791 | D:4      | Killed Sigmund
  4269 | D:4      | Found a deep blue altar of Sif Muna.
  4479 | D:4      | Reached skill level 6 in Crossbows
  4479 | D:4      | Reached XP level 8. HP: 60/60 MP: 8/8
  4877 | D:4      | Upgraded the game from 0.19-a0-650-gab89c2a to 0.19-a0-652-g5c94007
  4878 | D:5      | Entered Level 5 of the Dungeon
  4987 | D:5      | Found Toduil's General Store.
  5100 | D:5      | Found an opulent altar of Gozag.
  5100 | D:5      | Found a bloodstained altar of Trog.
  5100 | D:5      | Found a radiant altar of Vehumet.
  5100 | D:5      | Found a glowing silver altar of Zin.
  5115 | D:5      | Found a blossoming altar of Fedhas.
  5115 | D:5      | Found a shimmering altar of Xom.
  5501 | D:5      | HP: 3/61 [wyvern zombie (9)]
  5771 | D:5      | Found Naelyup's Magic Scroll Boutique.
  5774 | D:5      | Bought a scroll of magic mapping for 49 gold pieces
  6046 | D:6      | Reached skill level 5 in Axes
  6046 | D:6      | Reached skill level 7 in Crossbows
  6049 | D:6      | Found a staircase to the Ecumenical Temple.
  6118 | D:6      | Noticed Duvessa
  6124 | D:6      | Noticed Dowan
  6125 | D:6      | Killed Duvessa
  6125 | D:6      | Gained mutation: You are mostly covered in molten scales. (AC +3, EV -1) [demonic ancestry]
  6125 | D:6      | Reached XP level 9. HP: 67/67 MP: 9/9
  6127 | D:6      | Noticed Grinder
  6132 | D:6      | Killed Dowan
  6136 | D:6      | Killed Grinder
  6136 | D:6      | Reached skill level 5 in Fighting
  6706 | D:6      | Reached skill level 5 in Dodging
  7005 | D:6      | Found a white marble altar of Elyvilon.
  7244 | D:6      | Found a sacrificial altar of Ru.
  7395 | Temple   | Entered the Ecumenical Temple
  7576 | D:6      | Noticed Prince Ribbit
  7589 | D:6      | Killed Prince Ribbit
  8072 | D:7      | Found an iron altar of Okawaru.
  8081 | D:7      | Became a worshipper of Warmaster Okawaru
  8111 | D:7      | Reached skill level 8 in Crossbows
  8281 | D:7      | Reached * piety under Okawaru
  8429 | D:7      | Reached XP level 10. HP: 76/76 MP: 10/10
  8486 | D:7      | Found Eliwkew's Book Shoppe.
  9015 | D:8      | Identified a scroll of acquirement
  9016 | D:8      | Got a pair of pitted boots
  9027 | D:8      | Identified the -6 pair of boots of the Quahog {rElec Regen+ MP-9 SInv} (You acquired it on level 8 of the Dungeon)
  9091 | D:8      | Reached skill level 5 in Armour
  9117 | D:8      | Noticed Erica
  9168 | D:8      | Killed Erica
  9168 | D:8      | Reached skill level 1 in Invocations
  9232 | D:8      | Reached ** piety under Okawaru
  9248 | D:8      | Found a shimmering altar of Xom.
  9336 | D:8      | Found an oddly glowing altar of Pakellas.
  9336 | D:8      | Noticed a four-headed hydra
  9344 | D:8      | Killed a four-headed hydra
  9600 | D:8      | Got a fine steel ring
  9629 | D:8      | Identified the ring "Yhaig" {rF+ rN+ MR+ Str+4 Int+2} (You found it on level 8 of the Dungeon)
 10184 | D:9      | Reached skill level 9 in Crossbows
 10202 | D:9      | Reached *** piety under Okawaru
 10203 | D:9      | Received a gift from Okawaru
 10233 | D:9      | Received a gift from Okawaru
 10238 | D:9      | Gained mutation: You have large cloven feet. [demonic ancestry]
 10238 | D:9      | Reached XP level 11. HP: 35/83 MP: 14/14
 10321 | D:9      | Found a staircase to the Lair.
 10740 | D:9      | Reached **** piety under Okawaru
 10934 | D:10     | Entered Level 10 of the Dungeon
 10959 | D:10     | Noticed a hill giant
 10972 | D:10     | Noticed Psyche
 10981 | D:10     | Killed an unseen horror
 10981 | D:10     | Received a gift from Okawaru
 10988 | D:10     | Killed a hill giant
 10988 | D:10     | Reached skill level 5 in Invocations
 10990 | D:10     | Killed Psyche
 11067 | D:10     | Found a staircase to the Orcish Mines.
 11096 | D:10     | Noticed a hill giant
 11109 | D:10     | Slain by a hill giant

Vault maps used:
D:1:      ldierk_walled_garden
D:2:      uniq_natasha, uniq_jessica
D:3:      uniq_terence
D:4:      lemuel_coloured_pillars_altar, minivault_5, grunt_dithmenos_shadows,
          uniq_sigmund
D:5:      minmay_overflow_temple_hex, first_bread, serial_shops,
          kennysheep_mini_moat, nicolae_shop_stone,
          minmay_misc_feat_secret_circle
D:6:      marbit_many_paths, nicolae_ru_the_path_less_chosen,
          minmay_temple_entry_statues, serial_co_window_serial,
          co_window_cross_1, co_window_corner_a, co_window_paths_a,
          co_window_paths_a, co_window_paths_a, co_window_of_opportunity_c,
          co_window_broadway_b, co_window_corner_b, co_window_paths_d,
          co_window_4corner_b, glass_columns_a, uniq_grinder, uniq_duvessa,
          uniq_prince_ribbit1
D:7:      okawaru_humans, serial_shops, nicolae_shop_crystal,
          minmay_misc_feat_enclosed
D:8:      minmay_weird_star, gammafunk_pakellas_cloud_experiment, basic_altar,
          uniq_erica
D:9:      minmay_lair_entry_grove, blue_anna_alchemist, lightli_orcish_oven
D:10:     david_orc_3, uniq_psyche
Temple:   roderic_octagonal_lattice_temple

Skill      XL: |  1  2  3  4  5  6  7  8  9 10 11 |
---------------+----------------------------------+-----
Armour         | 1 2 3 4 5 6 |  6.0
Dodging        | 2 3 4 5 6 |  6.4
Crossbows      | 4 5 6 7 8 9 |  9.7
Fighting       | 3 4 5 6 7 |  7.0
Axes           | 1 2 3 5 6 7 8 |  8.2
Invocations    | 4 5 |  5.1
Stealth        | |  0.8

Action                   |  1- 3 |  4- 6 |  7- 9 | 10-12 || total
-------------------------+-------+-------+-------+-------++-------
Melee: Short sword       |    91 |     8 |       |       ||    99
       Hand axe          |       |   136 |   331 |   430 ||   897
       Unarmed           |       |       |     2 |       ||     2
 Fire: Hand crossbow     |    33 |   110 |   117 |    79 ||   339
Evoke: Wand              |       |       |     2 |     1 ||     3
  Use: Potion            |     1 |       |     3 |    11 ||    15
       Scroll            |       |       |    18 |     7 ||    25
 Stab: Sleeping          |     1 |       |       |       ||     1
       Confused          |       |       |     2 |       ||     2
       Distracted        |       |       |     1 |     1 ||     2
  Eat: Chunk             |       |     9 |    18 |     8 ||    35
       Pizza             |       |       |     1 |     1 ||     2
Armor: Leather armour    |     2 |       |       |       ||     2
       Ring mail         |    48 |    57 |       |       ||   105
       Skin              |     2 |       |       |       ||     2
       Chain mail        |       |     5 |   187 |   235 ||   427
Dodge: Dodged            |    65 |   103 |   110 |   156 ||   434
